 Dungeon Crawl Stone Soup version 0.31-a0-167-g1c394c0614 (webtiles) character file.

Game seed: 12346104315707744831

509 qw the Chopper (level 7, -1/43 HPs)
             Began as a Gargoyle Fighter on June 14, 2023.
             Slain by a wraith (7 damage)
             ... in an ossuary.
             The game lasted 00:01:55 (3348 turns).

qw the Chopper (Gargoyle Fighter)                   Turns: 3348, Time: 00:01:56

Health: -1/43      AC: 16    Str: 22    XL:     7   Next: 19%
Magic:  7/7        EV:  8    Int:  8    God:
Gold:   199        SH:  5    Dex: 15    Spells: 6/6 levels left

rFire   . . .        Y - +2 war axe
rCold   . . .        c - +0 buckler
rNeg    + . .        o - +0 chain mail
rPois   inf          (no helmet)
rElec   +            m - +0 cloak
rCorr   .            e - +0 pair of gloves
SInv    .            (no boots)
Will    .....        (no amulet) Stlth
                     i - +6 ring of dexterity
HPRegen 0.27/turn    (no ring)
MPRegen 0.10/turn

%: no passive effects
@: slowed, very slow
A: sickness immunity, AC +4, negative energy resistance 1, electricity
resistance, torment resistance 1, petrification resistance
a: no special abilities


You were in an ossuary.
You visited 1 branch of the dungeon, and saw 5 of its levels.
You also visited: Ossuary.

You collected 199 gold pieces.


Innate Abilities, Weirdness & Mutations

You are immune to sickness and miasma.
Your stone body is resilient. (AC +4)
You are immune to poison.
You resist negative energy. (rN+)
You are resistant to electric shocks. (rElec)
You are resistant to unholy torment.
You are immune to petrification.


   Skills:
 - Level 4.0 Fighting
 + Level 6.1 Axes
 - Level 1.7 Throwing
 - Level 3.2 Armour
 - Level 1.0 Dodging
 - Level 3.2 Shields


You had 6 spell levels left.
You didn't know any spells.
Your spell library was empty.

Inventory:

Hand Weapons
 p - a +0 flail
 Y - a +2 war axe (weapon)
Missiles
 b - 2 javelins (quivered)
Armour
 c - a +0 buckler (worn)
 e - a +0 pair of gloves (worn)
 m - a +0 cloak (worn)
 o - a +0 chain mail (worn)
Jewellery
 i - a +6 ring of dexterity (left hand)
Scrolls
 n - a scroll of identify
Potions
 a - a potion of invisibility {unknown}
 d - a potion of might
 f - a potion of mutation {unknown}
 g - a potion of degeneration {unknown}
 h - a potion of cancellation {unknown}
 j - a potion of curing
 k - a potion of haste {unknown}
 l - a potion of lignification
 q - a potion of resistance {unknown}
 r - a potion of ambrosia {unknown}
 s - a potion of berserk rage {unknown}

Dungeon Overview and Level Annotations

Branches:
Dungeon (5/15)            Ossuary (1/1)
 Temple: D:4-7

Altars:
Gozag


Message History

There is an open door here.
You open the door.
There is an open door here.
You closely miss the wraith. The wraith hits you!
You hit the wraith.
The wraith is moderately damaged.
The wraith hits you. The wraith drains your vigour!
You feel yourself slow down. The wraith hits you but does no damage.
You barely miss the wraith.
The wraith is lightly damaged.
The wraith hits you! The wraith drains your vigour!
You feel as though you will be slow longer.
The wraith hits you.
You barely miss the wraith.
The wraith is lightly damaged.
The wraith hits you! The wraith drains your vigour!
You feel as though you will be slow longer.
The wraith closely misses you.
You hit the wraith but do no damage.
The wraith is lightly damaged.
The wraith hits you. The wraith drains your vigour!
You feel as though you will be slow longer.
You slash the wraith!
The wraith is heavily damaged.
The wraith closely misses you. The wraith barely misses you.
You barely miss the wraith.
The wraith is heavily damaged.
The wraith hits you. The wraith drains your vigour!
You feel as though you will be slow longer.
The wraith hits you but does no damage.
You barely miss the wraith.
The wraith is heavily damaged.
The wraith barely misses you. The wraith hits you.
The wraith drains your vigour!
You feel as though you will be slow longer.
You closely miss the wraith.
The wraith is heavily damaged.
You block the wraith's attack. The wraith hits you!
You die...

###############
...............
...............
#####'#####
##.........##
##...#####...##
##...##...##...##
#...##..?!.##...#
+...@W!!?...#...+
#...##.?.!.##...#
##...##...##...##
##...#####...## .
##.........##...
..#####'#####....
.................
.................
######'''########


You could see a wraith.

Vanquished Creatures
  An ice beast (D:5)
  A phantom (D:5)
  A jelly (D:5)
  2 iguanas
  3 orc wizards
  A mummy (Ossuary)
  3 gnolls (D:3)
  6 adders
  A worm (D:2)
  4 dart slugs
  5 orcs
  10 ball pythons
  6 bats
  7 endoplasms
  6 giant cockroaches
  7 goblins
  4 hobgoblins
  3 quokkas
  4 frilled lizards
  3 gnoll skeletons (Ossuary)
  A jackal zombie (D:5)
  3 kobolds
  6 orc skeletons (Ossuary)
  9 rats
  A rat zombie (D:5)
98 creatures vanquished.

Notes
Turn   | Place    | Note
-------+----------+-------------------------------------------
     0 | D:1      | qw the Gargoyle Fighter began the quest for the Orb.
     0 | D:1      | Reached XP level 1. HP: 14/14 MP: 1/1
     0 | D:1      | 0 ||| qw: Version: 0.2-a-29-g1fa15c8
     0 | D:1      | 0 ||| qw: Game counter: 4948
     0 | D:1      | 0 ||| qw: Always use a shield: true
     0 | D:1      | 0 ||| qw: God list: Okawaru
     0 | D:1      | 0 ||| qw: Allow faded altars: false
     0 | D:1      | 0 ||| qw: Do Orc after D:15 true
     0 | D:1      | 0 ||| qw: Do second Lair branch before Depths: true
     0 | D:1      | 0 ||| qw: Lair rune preference: random
     0 | D:1      | 0 ||| qw: Plans: Normal, Zot:1-4, Slime:5, God:TSO, Crypt,
                  | Tomb, Abyss, Pan, Hells, Win
     0 | D:1      | 0 ||| PLANNING D:1-11
    37 | D:1      | Reached skill level 2 in Axes
   212 | D:1      | Reached XP level 2. HP: 19/19 MP: 2/2
   447 | D:1      | 447 ||| Stepping ~*~*~tactically~*~*~ (hiding).
   454 | D:1      | Reached skill level 3 in Axes
   622 | D:1      | 622 ||| UPGRADING to +0 pair of gloves.
   627 | D:1      | 627 ||| READING scroll labelled COSETA KIFAMEU.
   728 | D:1      | 728 ||| READING scroll labelled IPUN IXKEM.
   729 | D:1      | 729 ||| READING scroll labelled USILUNIEFF.
   733 | D:1      | 733 ||| READING scroll labelled CARIQUT PUPRIEH.
   748 | D:2      | Reached XP level 3. HP: 23/23 MP: 3/3
   834 | D:2      | 834 ||| Stepping ~*~*~tactically~*~*~ (stealth).
   978 | D:2      | Reached XP level 4. HP: 28/28 MP: 4/4
  1086 | D:2      | Reached skill level 4 in Axes
  1537 | D:2      | 1537 ||| UPGRADING to +6 ring of dexterity.
  1538 | D:2      | 1538 ||| READING scroll labelled WIW NAB BOFFANG.
  1539 | D:2      | 1539 ||| DRINKING 3 viscous silvery potions.
  1762 | D:3      | Reached skill level 1 in Dodging
  1769 | D:3      | Reached XP level 5. HP: 17/32 MP: 5/5
  1849 | D:3      | 1849 ||| DROPPING +0 club.
  2100 | D:3      | 2100 ||| UPGRADING to +0 chain mail.
  2110 | D:3      | 2110 ||| DROPPING +0 scale mail.
  2111 | D:3      | 2111 ||| READING scroll labelled CUUXAX SIET.
  2112 | D:3      | 2112 ||| READING 2 scrolls labelled KOMIOPL VAISAS.
  2113 | D:3      | 2113 ||| DROPPING scroll of butterflies.
  2189 | D:4      | 2189 ||| DRINKING 2 potions of curing.
  2189 | D:4      | 2189 ||| (to cure confusion)
  2276 | D:4      | 2276 ||| DROPPING scarf of invisibility.
  2287 | D:4      | HP: 5/32 [iguana (7)]
  2288 | D:4      | 2288 ||| READING scroll of teleportation.
  2291 | D:4      | Reached skill level 5 in Axes
  2532 | D:4      | Reached XP level 6. HP: 34/37 MP: 6/6
  2816 | D:4      | 2816 ||| UPGRADING to +0 cloak.
  2821 | D:4      | 2821 ||| READING 2 scrolls labelled OLAINOQESH.
  2822 | D:4      | 2822 ||| DRINKING 2 bubbling green potions.
  2870 | D:5      | Entered Level 5 of the Dungeon
  2871 | D:5      | 2871 ||| PLANNING OSSUARY
  2981 | D:5      | Reached skill level 1 in Throwing
  3034 | D:5      | Noticed an ice beast
  3040 | D:5      | Killed an ice beast
  3041 | D:5      | Reached XP level 7. HP: 29/43 MP: 7/7
  3110 | D:5      | Found an opulent altar of Gozag.
  3111 | D:5      | 3111 ||| Stepping ~*~*~tactically~*~*~ (stealth).
  3117 | D:5      | 3117 ||| DRINKING potion of curing.
  3117 | D:5      | 3117 ||| (to cure confusion)
  3125 | D:5      | 3125 ||| FLEEEEING.
  3126 | D:5      | 3126 ||| FLEEEEING.
  3127 | D:5      | 3127 ||| FLEEEEING.
  3128 | D:5      | 3128 ||| FLEEEEING.
  3130 | D:5      | 3130 ||| FLEEEEING.
  3152 | D:5      | Reached skill level 6 in Axes
  3260 | D:5      | Found a sand-covered staircase.
  3267 | Ossuary  | Entered an ossuary
  3267 | Ossuary  | Noticed a wraith
  3267 | Ossuary  | Noticed a wraith
  3267 | Ossuary  | Noticed a wraith
  3305 | Ossuary  | 3305 ||| READING scroll of enchant weapon.
  3305 | Ossuary  | 3305 ||| ENCHANTING +1 war axe.
  3319 | Ossuary  | Noticed a wraith
  3346 | Ossuary  | HP: 10/43 [wraith (2)]
  3348 | Ossuary  | Slain by a wraith

Levels and vault maps discovered:
D:1:      minmay_arrival_glassed_features, layout_basic,
          minmay_misc_feat_rugged, serial_bayou_lake_a
D:2:      layout_basic
D:3:      layout_basic, st_stairs_10, glass_columns_a
D:4:      layout_loops_ring, serial_glass, glass_columns_a, glass_columns_b,
          due_unseen_surprise, minmay_strange_pillars
D:5:      layout_loops_cross, grunt_gozag_statues, cheibrodos_ashenzari_chains,
          enter_ossuary_3
Ossuary:  ossuary_due_mausoleum

Skill      XL: |  1  2  3  4  5  6  7 |
---------------+----------------------+-----
Axes           | 2 3 4 5 6 |  6.1
Dodging        | 1 |  1.0
Fighting       | 4 |  4.0
Throwing       | 1 |  1.7
Armour         | |  3.2
Shields        | |  3.2

Action                     |  1- 3 |  4- 6 |  7- 9 || total
---------------------------+-------+-------+-------++-------
  Melee: War axe           |    94 |   125 |    35 ||   254
  Throw: Javelin           |       |    12 |     3 ||    15
    Use: Scroll            |     4 |     5 |     1 ||    10
         Potion            |       |     3 |     1 ||     4
 Armour: Scale mail        |    39 |    24 |       ||    63
         Chain mail        |       |    22 |    23 ||    45
  Dodge: Dodged            |    36 |    36 |     8 ||    80
  Block: Buckler           |    12 |    33 |     2 ||    47

Table legend:
 A = Non-vault XP
 B = Vault XP
 C = Vault XP percentage of total XP
 D = Non-vault monster count
 E = Vault monster count
 F = Vault count percentage of total count
                 A         B        C        D         E       F
            +---------+---------+-------+---------+---------+-------
      Total |     695 |      33 |   4.5 |      84 |      14 |  14.3
            +---------+---------+-------+---------+---------+-------
        D:1 |      32 |       0 |   0.0 |      17 |       0 |   0.0
        D:2 |      82 |       0 |   0.0 |      28 |       0 |   0.0
        D:3 |      81 |       4 |   4.7 |      16 |       2 |  11.1
        D:4 |     124 |       0 |   0.0 |      16 |       0 |   0.0
        D:5 |     376 |       2 |   0.5 |       7 |       2 |  22.2
    Ossuary |       0 |      27 | 100.0 |       0 |      10 | 100.0
            +---------+---------+-------+---------+---------+-------
